 Dungeon Crawl Stone Soup version 0.30-a0-860-g512cf1e979 (webtiles) character file.

Game seed: 7026059843707551368

4671 ryw the Prestidigitator (level 10, -6/74 HPs)
             Began as a Gnoll Wanderer on Mar 7, 2023.
             Was a Believer of Okawaru.
             Mangled by a wraith (8 damage)
             ... on level 11 of the Dungeon.
             The game lasted 00:21:37 (14213 turns).

ryw the Prestidigitator (Gnoll Wanderer)           Turns: 14213, Time: 00:21:37

Health: -6/74      AC:  3    Str: 13    XL:     10   Next: 44%
Magic:  19/19      EV: 18    Int: 14    God:    Okawaru [**....]
Gold:   580        SH:  5    Dex: 12    Spells: 12/21 levels left

rFire   . . .      SeeInvis .    z - +3 falchion (flame)
rCold   . . .      Faith    .    b - +0 buckler
rNeg    . . .      Spirit   .    d - +0 leather armour
rPois   .          Reflect  .    (no helmet)
rElec   .          Rampage  .    (no cloak)
rCorr   .          Rage     3%   (no gloves)
Will    .....                    (no boots)
Stlth   +++++                    (no amulet)
HPRegen 0.32/turn                o - ring of Shadows {Umbra +Inv Stlth+}
MPRegen 0.16/turn                w - +5 ring of evasion

@: slowed, wreathed by umbra, very slow
A: fangs 1, strong nose, distributed training, berserk 1
a: Renounce Religion, Evoke Invisibility, Heroism


You were on level 11 of the Dungeon.
You worshipped Okawaru.
Okawaru was pleased with you.
You visited 2 branches of the dungeon, and saw 10 of its levels.
You also visited: Sewer.

You collected 580 gold pieces.

Inventory:

Hand Weapons
 a - a +3 spear of flaming
 g - a +6 flail of freezing
 p - a +3 spear of freezing
 v - a +5 spear
 z - a +3 falchion of flaming (weapon)
Missiles
 q - 31 poisoned darts
 r - 2 throwing nets
Armour
 b - a +0 buckler (worn)
 d - a +0 leather armour (worn)
Jewellery
 k - a +6 ring of intelligence
 o - the ring of Shadows (left hand) {Umbra +Inv Stlth+}
   (You found it on level 3 of the Dungeon)

   [ring of stealth]

   Umbra:     It surrounds you with an aura of shadow, increasing your stealth
   and reducing the accuracy of all others within it.
   +Inv:      It lets you turn invisible.
   Stlth:     It makes you more stealthy.
 t - a ring of resist corrosion
 w - a +5 ring of evasion (right hand)
 B - a ring of positive energy
 C - a ring of poison resistance
 F - a ring of see invisible
Wands
 u - a wand of polymorph (13)
 y - a wand of flame (12)
Scrolls
 c - 2 scrolls of poison
 f - 2 scrolls of magic mapping
 i - 2 scrolls of teleportation
 j - 2 scrolls of blinking
 n - a scroll of enchant weapon
 A - a scroll of vulnerability {unknown}
 D - a scroll of fog
 G - a scroll of identify
 H - 3 scrolls of noise {unknown}
Potions
 h - 2 potions of lignification
 l - a potion of brilliance
 m - a potion of magic
 s - a potion of might
 x - a potion of cancellation
 E - a potion of curing
Miscellaneous
 e - a phantom mirror


   Skills:
 + Level 5.5 Fighting
 + Level 5.5 Short Blades
 + Level 5.5 Long Blades
 + Level 5.5 Axes
 + Level 5.5 Maces & Flails
 + Level 5.5 Polearms
 + Level 5.5 Staves
 + Level 5.5 Ranged Weapons
 + Level 5.5 Throwing
 + Level 5.5 Armour
 + Level 5.5 Dodging
 + Level 5.5 Stealth
 + Level 7.2 Shields
 + Level 5.5 Unarmed Combat
 + Level 6.2 Spellcasting
 + Level 4.5 Conjurations
 + Level 4.5 Hexes
 + Level 4.5 Summonings
 + Level 4.5 Necromancy
 + Level 4.5 Translocations
 + Level 4.5 Transmutations
 + Level 4.5 Fire Magic
 + Level 7.2 Ice Magic
 + Level 4.5 Air Magic
 + Level 4.5 Earth Magic
 + Level 4.5 Poison Magic
 + Level 6.6 Invocations
 + Level 8.6 Evocations


You had 12 spell levels left.
You knew the following spells:

 Your Spells              Type           Power      Damage    Failure   Level
a - Freeze                Ice            96%        1d10      1%          1
b - Swiftness             Air            17%        N/A       11%         3
c - Passwall              Tmut/Erth      14%        N/A       5%          2
d - Mephitic Cloud        Conj/Pois/Air  17%        N/A       11%         3

Your spell library contained the following spells:

 Spells                   Type           Power      Damage    Failure   Level
 Sandblast                Erth           34%        2d9       3%          1
 Shock                    Conj/Air       68%        1d7       3%          1
 Ensorcelled Hibernation  Hex/Ice        40%        N/A       3%          2
 Frozen Ramparts          Ice            48%        1d8       3%          3
 Ozocubu's Armour         Ice            24%        N/A       3%          3
 Cigotuvi's Dreadful Rot  Necr/Pois/Air  34%        N/A       5%          2
 Lesser Beckoning         Tloc           34%        N/A       5%          2
 Poisonous Vapours        Pois/Air       34%        N/A       5%          2
 Gell's Gravitas          Tloc           17%        N/A       11%         3
 Inner Flame              Hex/Fire       17%        N/A       11%         3
 Portal Projectile        Hex/Tloc       34%        N/A       11%         3
 Spider Form              Tmut/Pois      17%        N/A       11%         3
 Stone Arrow              Conj/Erth      34%        3d9       11%         3
 Teleport Other           Tloc           17%        N/A       11%         3
 Airstrike                Air            8%         2d(2-18)  36%         4
 Anguish                  Hex/Necr       8%         N/A       36%         4
 Cause Fear               Hex            8%         N/A       36%         4
 Metabolic Englaciation   Hex/Ice        10%        N/A       52%         5
 Blade Hands              Tmut           8%         N/A       71%         5
 Discord                  Hex            8%         N/A       100%        8
 Tukima's Dance           Hex            Unusable   N/A       N/A         3
 Simulacrum               Ice/Necr       Unusable   N/A       N/A         6

Dungeon Overview and Level Annotations

Branches:
Dungeon (8/15)             Temple (1/1) D:6            Lair (0/5) D:8
  Sewer (visited)

Altars:
Ashenzari
Cheibriados
Dithmenos
Elyvilon
Fedhas
Gozag
Hepliaklqana
Kikubaaqudgha
Makhleb
Nemelex Xobeh
Okawaru
Qazlal
Ru
Trog
Vehumet
Wu Jian
Xom
Zin
The Shining One

Annotations:
D:7 3 runed translucent doors, Crazy Yiuf; Nabski's ghost, novice TeFE


Innate Abilities, Weirdness & Mutations

You have very sharp teeth.
Your uncanny sense of smell can sniff out nearby items.
Your experience applies equally to all skills.
You sometimes lose your temper in combat.


Message History

The wraith hits you but does no damage.
You barely miss the wraith.
The wraith is almost destroyed.
The wraith hits you! The wraith hits you but does no damage.
You hit the wraith but do no damage.
The wraith is almost destroyed.
The wraith barely misses you. The wraith closely misses you.
You completely miss the wraith.
The wraith is almost destroyed.
The wraith hits you!
* * * LOW HITPOINT WARNING * * *
You barely miss the wraith.
The wraith is almost destroyed.
The wraith hits you!
* * * LOW HITPOINT WARNING * * *
The wraith drains your vigour!
You feel as though you will be slow longer.
The wraith hits you.
* * * LOW HITPOINT WARNING * * *
The wraith drains your vigour!
You feel as though you will be slow longer.
You hit the wraith but do no damage.
The wraith is almost destroyed.
The wraith closely misses you.
You hit the wraith. You burn the wraith.
The wraith is almost destroyed.
The wraith hits you.
* * * LOW HITPOINT WARNING * * *
The wraith drains your vigour!
You feel as though you will be slow longer.
You block the wraith's attack.
You feel better. The wraith misses you.
You hit the wraith. You burn the wraith.
The wraith is almost destroyed.
The wraith hits you!
* * * LOW HITPOINT WARNING * * *
The wraith drains your vigour!
You feel as though you will be slow longer.
The wraith hits you!
You die...

#
#######..#
#...'....#
#...#..^.#
#...#....+
#...##..##
#...##..#
#...@W<.+
#.......#
#...###.#
#+### # ∆


You could see a wraith.

Vanquished Creatures
  A cyclops (D:7)
  A komodo dragon (D:8)
  Grinder (D:6)
  Prince Ribbit (D:5)
  Eustachio (D:4)
  A sky beast (D:7)
  2 ice beasts
  2 black bears
  2 ogres
  2 centaurs
  2 phantoms
  6 bullfrogs
  3 kobold brigands
  5 scorpions
  8 wights (D:7)
  4 killer bees (D:8)
  A howler monkey (D:6)
  3 hounds
  A jelly (D:4)
  4 gnoll boudas
  4 orc priests
  A sleepcap (D:7)
  Jessica (D:3)
  7 orc wizards
  Ijyb (D:5)
  4 iguanas
  Robin (D:5)
  14 gnolls
  9 adders
  A shadow imp (D:7)
  An ufetubus (D:5)
  A worm (D:3)
  2 dart slugs
  19 orcs
  10 ball pythons
  5 bats
  7 endoplasms
  10 giant cockroaches
  7 goblins
  20 hobgoblins
  14 jackals
  7 quokkas
  13 frilled lizards
  16 kobolds
  7 rats
233 creatures vanquished.

Vanquished Creatures (others)
  A fungus (D:7)
  3 plants (D:8)
4 creatures vanquished.

Grand Total: 237 creatures vanquished

Notes
Turn   | Place    | Note
-------+----------+-------------------------------------------
     0 | D:1      | ryw the Gnoll Wanderer began the quest for the Orb.
     0 | D:1      | ryw set off with the following items: a +0 club, a +0
                  | buckler, a potion of heal wounds, a +0 leather armour, a
                  | phantom mirror; and the following spell memorised: Freeze;
                  | and the following spells available to memorise: Frozen
                  | Ramparts.
     0 | D:1      | Reached XP level 1. HP: 13/13 MP: 4/4
   216 | D:1      | Reached XP level 2. HP: 13/19 MP: 5/5
   513 | D:1      | Reached XP level 3. HP: 24/25 MP: 7/7
  1272 | D:2      | Reached skill level 1 in Fighting
  1272 | D:2      | Reached skill level 1 in Short Blades
  1272 | D:2      | Reached skill level 1 in Long Blades
  1272 | D:2      | Reached skill level 1 in Axes
  1272 | D:2      | Reached skill level 1 in Maces & Flails
  1272 | D:2      | Reached skill level 1 in Polearms
  1272 | D:2      | Reached skill level 1 in Staves
  1272 | D:2      | Reached skill level 1 in Ranged Weapons
  1272 | D:2      | Reached skill level 1 in Throwing
  1272 | D:2      | Reached skill level 1 in Armour
  1272 | D:2      | Reached skill level 1 in Dodging
  1272 | D:2      | Reached skill level 1 in Stealth
  1272 | D:2      | Reached skill level 1 in Unarmed Combat
  1432 | D:2      | Reached XP level 4. HP: 30/32 MP: 8/8
  1628 | D:2      | Reached skill level 1 in Conjurations
  1628 | D:2      | Reached skill level 1 in Hexes
  1628 | D:2      | Reached skill level 1 in Summonings
  1628 | D:2      | Reached skill level 1 in Necromancy
  1628 | D:2      | Reached skill level 1 in Translocations
  1628 | D:2      | Reached skill level 1 in Transmutations
  1628 | D:2      | Reached skill level 1 in Fire Magic
  1628 | D:2      | Reached skill level 1 in Air Magic
  1628 | D:2      | Reached skill level 1 in Earth Magic
  1628 | D:2      | Reached skill level 1 in Poison Magic
  2207 | D:3      | Found the ring of Shadows {Umbra +Inv Stlth+}
  2487 | D:3      | Noticed a kobold brigand
  2499 | D:3      | Killed a kobold brigand
  2500 | D:3      | Reached XP level 5. HP: 21/37 MP: 9/9
  2906 | D:3      | Found a burning altar of Makhleb.
  3290 | D:3      | Noticed Jessica
  3300 | D:3      | Killed Jessica
  3301 | D:3      | Reached XP level 6. HP: 37/44 MP: 11/11
  3334 | D:3      | Found a glowing golden altar of the Shining One.
  3383 | D:3      | Reached skill level 5 in Shields
  3388 | D:3      | HP: 1/44 [gnoll/+0 spear[a gnoll bouda] (4)]
  4121 | D:4      | Noticed Eustachio
  4502 | D:4      | Gained mutation: You sometimes lose your temper in combat.
                  | [potion of mutation]
  4516 | D:4      | Killed Eustachio
  4658 | D:4      | Reached skill level 7 in Evocations
  4658 | D:4      | Reached XP level 7. HP: 20/51 MP: 12/12
  4930 | D:5      | Entered Level 5 of the Dungeon
  5269 | D:4      | Found a shadowy altar of Dithmenos.
  5741 | D:4      | Found a radiant altar of Vehumet.
  6137 | D:5      | Reached XP level 8. HP: 58/58 MP: 14/14
  6870 | D:5      | Noticed Ijyb
  6871 | D:5      | Noticed Robin
  6876 | D:5      | Noticed Prince Ribbit
  7123 | D:5      | Killed Ijyb
  7240 | D:5      | Killed Prince Ribbit
  7638 | D:5      | Killed Robin
  8519 | D:6      | Reached skill level 5 in Invocations
  8547 | D:6      | Found a glowing drain.
  8567 | Sewer    | Entered a sewer
  8794 | Sewer    | Reached XP level 9. HP: 65/65 MP: 16/16
  9094 | D:6      | Reached skill level 5 in Spellcasting
  9470 | D:6      | Found a staircase to the Ecumenical Temple.
  9505 | D:6      | HP: 3/65 [gnoll/+0 flail[a gnoll bouda] (9)]
 10098 | D:6      | Learned a level 3 spell: Swiftness
 10227 | D:6      | Noticed Grinder
 10238 | D:6      | Paralysed by Grinder for 5 turns
 10254 | D:6      | Paralysed by Grinder for 5 turns
 10260 | D:6      | HP: 3/65 [Grinder (7)]
 10263 | D:6      | Killed Grinder
 10264 | D:6      | Reached skill level 8 in Evocations
 10900 | Temple   | Entered the Ecumenical Temple
 10975 | Temple   | Became a worshipper of Warmaster Okawaru
 12231 | D:7      | Reached * piety under Okawaru
 12344 | D:7      | Found a large runed translucent door.
 12344 | D:7      | Found a large runed translucent door.
 12399 | D:7      | Noticed Nabski's ghost (novice TeFE)
 12433 | D:7      | Reached skill level 5 in Fighting
 12433 | D:7      | Reached skill level 5 in Short Blades
 12433 | D:7      | Reached skill level 5 in Long Blades
 12433 | D:7      | Reached skill level 5 in Axes
 12433 | D:7      | Reached skill level 5 in Maces & Flails
 12433 | D:7      | Reached skill level 5 in Polearms
 12433 | D:7      | Reached skill level 5 in Staves
 12433 | D:7      | Reached skill level 5 in Ranged Weapons
 12433 | D:7      | Reached skill level 5 in Throwing
 12433 | D:7      | Reached skill level 5 in Armour
 12433 | D:7      | Reached skill level 5 in Dodging
 12433 | D:7      | Reached skill level 5 in Stealth
 12433 | D:7      | Reached skill level 5 in Unarmed Combat
 12433 | D:7      | Reached XP level 10. HP: 74/74 MP: 18/18
 12514 | D:7      | Noticed a cyclops
 12525 | D:7      | Killed a cyclops
 12732 | D:7      | Found a runed translucent door.
 12733 | D:7      | Noticed Crazy Yiuf
 12805 | D:7      | Found a sparkling altar of Nemelex Xobeh.
 13009 | D:8      | Learned a level 2 spell: Passwall
 13013 | D:8      | Learned a level 3 spell: Mephitic Cloud
 13466 | D:8      | Found an opulent altar of Gozag.
 13799 | D:8      | Found a staircase to the Lair.
 13995 | D:8      | Reached ** piety under Okawaru
 14180 | D:8      | You fall into a shaft and drop 3 floors!
 14211 | D:11     | HP: 3/74 [wraith (3)]
 14213 | D:11     | Mangled by a wraith

Illustrated notes

Levels and vault maps discovered:
D:1:      dpeg_arrival_shelter, layout_loops_ring
D:2:      layout_basic, serial_curves, eino_curves_03, eino_curves_01,
          eino_curves_04
D:3:      cheibrodos_thug_alley, layout_basic, makhleb_altar_promises_db,
          nicolae_tso_carved_into_rock, wad_floor_pattern_1, minmay_hedge_maze,
          uniq_jessica
D:4:      layout_loops_corners, mainiacjoe_overflow_small_starburst,
          amcnicky_altar_gilded, serial_glass, glass_columns_c, glass_columns_a,
          glass_columns_a, glass_columns_a, glass_columns_b, glass_columns_b,
          uniq_eustachio
D:5:      layout_loops_ring, minmay_liquid_box, nicolae_goblin_pals,
          uniq_prince_ribbit1
D:6:      layout_loops_corners, minmay_temple_entry_overgrown,
          portal_sewer_entry_f, nicolae_figureground_pulse, uniq_grinder
D:7:      layout_loops_ring, lemuel_tele_altar, ebering_ghost_disaster_area,
          uniq_crazy_yiuf_cottage
D:8:      cheibrodos_quashed, layout_layer_cave, nicolae_gozag_seed_capital,
          david_lair_shrubbed, chequers_avenue, small_chamber_with_monster,
          kennysheep_generic_room_6
D:11:     layout_gridville, orc_0_dummy
Temple:   cyrus_circular_temple

Skill      XL: |  1  2  3  4  5  6  7  8  9 10 |
---------------+-------------------------------+-----
Fighting       | 1 2 3 5 |  5.5
Short Blades   | 1 2 3 5 |  5.5
Long Blades    | 1 2 3 5 |  5.5
Axes           | 1 2 3 5 |  5.5
Maces & Flails | 1 2 3 5 |  5.5
Polearms       | 1 2 3 5 |  5.5
Staves         | 1 2 3 5 |  5.5
Ranged Weapons | 1 2 3 5 |  5.5
Throwing       | 1 2 3 5 |  5.5
Armour         | 1 2 3 5 |  5.5
Dodging        | 1 2 3 5 |  5.5
Stealth        | 1 2 3 5 |  5.5
Unarmed Combat | 1 2 3 5 |  5.5
Spellcasting   | 3 4 5 6 |  6.2
Conjurations   | 1 2 3 4 |  4.5
Hexes          | 1 2 3 4 |  4.5
Summonings     | 1 2 3 4 |  4.5
Necromancy     | 1 2 3 4 |  4.5
Translocations | 1 2 3 4 |  4.5
Transmutations | 1 2 3 4 |  4.5
Fire Magic     | 1 2 3 4 |  4.5
Air Magic      | 1 2 3 4 |  4.5
Earth Magic    | 1 2 3 4 |  4.5
Poison Magic   | 1 2 3 4 |  4.5
Invocations    | 3 4 5 6 |  6.6
Shields        | 5 6 7 |  7.2
Evocations     | 7 8 |  8.6
Ice Magic      | 6 7 |  7.2

Action                     |  1- 3 |  4- 6 |  7- 9 | 10-12 || total
---------------------------+-------+-------+-------+-------++-------
  Melee: Club              |   162 |    33 |       |       ||   195
         Bite              |    15 |    21 |    35 |    18 ||    89
         Spear             |       |   144 |   489 |       ||   633
         Unarmed           |       |       |     2 |       ||     2
         Flail             |       |       |    32 |    25 ||    57
         Falchion          |       |       |       |   113 ||   113
   Cast: Freeze            |    25 |    24 |       |       ||    49
         Mephitic Cloud    |       |       |       |     1 ||     1
         Passwall          |       |       |       |     1 ||     1
    Use: Potion            |     1 |     8 |     6 |     1 ||    16
         Scroll            |       |       |    12 |     1 ||    13
   Stab: Sleeping          |     2 |    10 |    17 |     8 ||    37
         Distracted        |       |     1 |       |       ||     1
         Confused          |       |       |       |     3 ||     3
 Armour: Leather armour    |    67 |    23 |    49 |     7 ||   146
         Skin              |       |       |     3 |       ||     3
  Dodge: Dodged            |   131 |    92 |   285 |    96 ||   604
  Block: Buckler           |    63 |    41 |   103 |    30 ||   237

Table legend: (Time is in decaauts)
 A = Elapsed time spent in this place.
 B = Non-inter-level travel time spent in this place.
 C = Inter-level travel time spent in this place.
 D = Time resting spent in this place.
 E = Time spent auto-exploring this place.
 F = Levels seen in this place.
 G = Mean time per level.
                   A        B        C        D        E       F      G
               +--------+--------+--------+--------+--------+-----+--------+
         Total |  14553 |  14210 |    343 |   4306 |   7229 |  11 | 1323.0 |
       Dungeon |  13832 |  13502 |    330 |   4283 |   6799 |   9 | 1536.9 |
        Temple |     88 |     75 |     13 |      0 |     28 |   1 |   88.0 |
         Sewer |    631 |    631 |      0 |     23 |    402 |   1 |  631.0 |
               +--------+--------+--------+--------+--------+-----+--------+

Top non-repeatable levels by time:
     D:4: 2213 daAuts
     D:5: 2202 daAuts
     D:6: 1931 daAuts
     D:7: 1891 daAuts
     D:3: 1777 daAuts
     D:2: 1511 daAuts
     D:8: 1281 daAuts
     D:1: 975 daAuts
   Sewer: 631 daAuts
  Temple: 88 daAuts
    D:11: 46 daAuts
